 Dungeon Crawl Stone Soup version 0.25-a0-294-gea9b1ad (webtiles) character file.

Game seed: 13676785980672058537, levelgen mode: deterministic

330 MrTaco21 the Cudgeler (level 6, -8/37 HPs)
             Began as a Gargoyle Fighter on Dec 17, 2019.
             Mangled by an ogre
             ... wielding a +0 giant spiked club
              (14 damage)
             ... on level 3 of the Dungeon.
             The game lasted 00:07:48 (3287 turns).

MrTaco21 the Cudgeler (Gargoyle Fighter)            Turns: 3287, Time: 00:07:49

Health: -8/37      AC: 11    Str: 21    XL:     6   Next: 51%
Magic:  6/6        EV:  7    Int:  9    God:
Gold:   144        SH:  9    Dex:  9    Spells: 5/5 levels left

rFire    + . .     SeeInvis .   a - +0 flail
rCold    . . .     Gourm    .   c - +0 shield
rNeg     + . .     Faith    .   b - +0 scale mail
rPois    ∞         Spirit   .   (no helmet)
rElec    +         Reflect  .   (no cloak)
rCorr    .         Harm     .   (no gloves)
MR       .....                  (no boots)
Stlth    ..........             (no amulet)
HPRegen  0.12/turn              (no ring)
MPRegen  0.10/turn              i - ring of protection from fire

@: no status effects
A: negative energy resistance 1, electricity resistance, unbreathing,
petrification resistance, rot immunity, AC +4
a: no special abilities


You were on level 3 of the Dungeon.
You were not hungry.

You visited 1 branch of the dungeon, and saw 4 of its levels.

You collected 144 gold pieces.

Inventory:

Hand Weapons
 a - a +0 flail (weapon)
Armour
 b - a +0 scale mail (worn)
 c - a +0 shield (worn)
Jewellery
 i - a ring of protection from fire (right hand)
   (You found it on level 1 of the Dungeon)
 l - a cursed amulet of guardian spirit {unknown}
   (You found it on level 2 of the Dungeon)
Scrolls
 f - a scroll of noise {unknown}
 g - 2 scrolls of remove curse {@r2}
 j - a scroll of enchant weapon {unknown}
 m - 3 scrolls of identify {unknown}
 p - a scroll of enchant armour {unknown}
Potions
 d - a potion of might
 h - a potion of mutation {unknown}
 n - a potion of ambrosia {unknown}
 o - a potion of resistance {unknown}
Comestibles
 e - 7 rations {!d}


   Skills:
 - Level 3.2 Fighting
 + Level 6.7 Maces & Flails
 - Level 3.2 Armour
 - Level 3.2 Shields


You had 5 spell levels left.
You didn't know any spells.
Your spell library was empty.

Dungeon Overview and Level Annotations

Branches:
Dungeon (4/15)
 Temple: D:4-7

Altars:

Annotations:
D:3 Sigmund


Innate Abilities, Weirdness & Mutations

You are resistant to torment.
Your stone body is resilient. (AC +4)
You are immune to poison.
You resist negative energy. (rN+)
You are resistant to electric shocks. (rElec)
You can survive without breathing.
You are immune to petrification.
You are immune to rotting.


Message History

There is a stone staircase leading up here.
You climb upwards.
Level annotation: Sigmund
There is a stone staircase leading down here.
You see here a -2 ring of evasion.
You start resting.
You are near starving!
You eat one of the 8 rations {!d}.
That ration really hit the spot!
You start resting.
You climb downwards.
The ogre closely misses you.
There is a stone staircase leading up here.
You barely miss the ogre.
The ogre hits you with a +0 giant spiked club!!
Ouch! That really hurt!
* * * LOW HITPOINT WARNING * * *
There is a stone staircase leading up here.
Found a scroll labeled SIXEAB VEGY HEEMY.
Found a scroll labeled UDUIPYRIUDD and a scroll labeled XIOCWA EFOPN.
Found a metallic ruby potion.
You see here a scroll labeled UDUIPYRIUDD.
You see here a scroll labeled XIOCWA EFOPN.
Found a stone staircase leading up.
There is an open door here.
There is a stone staircase leading up here.
The ogre barely misses you.
You climb upwards.
Level annotation: Sigmund
There is a stone staircase leading down here.
You see here a -2 ring of evasion.
You barely miss the ogre.
The ogre hits you with a +0 giant spiked club!
* * * LOW HITPOINT WARNING * * *
You closely miss the ogre. You block the ogre's attack.
You hit the ogre.
The ogre hits you with a +0 giant spiked club.
* * * LOW HITPOINT WARNING * * *
There is an open door here.
The ogre barely misses you.
There is a stone staircase leading up here.
You see here 2 stones.
You hit the ogre but do no damage. You block the ogre's attack.
You barely miss the ogre. The ogre hits you but does no damage.
You hit the ogre.
The ogre hits you with a +0 giant spiked club.
* * * LOW HITPOINT WARNING * * *
You thump the ogre! You sock the ogre! The ogre barely misses you.
You hit the ogre.
The ogre hits you with a +0 giant spiked club!
You die...

#############.#.#<.#....######.##
...................###### #.#
#######..####.#.##.# #.#
##.#....#.##.###########<##
#.#.##.#..................
#...#######.##############
##..........#######
#.######O..).....# ######
#......+@.[.....># #.....
#..#####.........# #..... ##.##
#.........# #..... #..#
#.........# #..... #..#
#.........# #..... #..#
#.........# #..... #..##
##...###### #..... #...# #...#
#..... #.#.## #...# #.....


You could see an ogre.

Vanquished Creatures
  A howler monkey (D:4)
  A hound (D:4)
  An orc priest (D:2)
  2 orc wizards
  8 adders
  A worm (D:3)
  2 dart slugs
  2 leopard geckos
  9 orcs
  10 bats
  3 giant cockroaches
  8 goblins
  10 hobgoblins
  4 jackals (D:2)
  6 kobolds
  2 quokkas (D:3)
  3 ball pythons
  3 frilled lizards
  12 rats
88 creatures vanquished.

Notes
Turn   | Place    | Note
-------+----------+-------------------------------------------
     0 | D:1      | MrTaco21 the Gargoyle Fighter began the quest for the Orb.
     0 | D:1      | Reached XP level 1. HP: 14/14 MP: 1/1
   136 | D:1      | Reached XP level 2. HP: 15/19 MP: 2/2
   187 | D:1      | Reached skill level 3 in Maces & Flails
   467 | D:1      | Reached XP level 3. HP: 23/23 MP: 3/3
   829 | D:2      | Reached skill level 4 in Maces & Flails
   887 | D:2      | Reached XP level 4. HP: 28/28 MP: 4/4
  1465 | D:2      | Reached skill level 5 in Maces & Flails
  1465 | D:2      | Reached XP level 5. HP: 26/32 MP: 5/5
  1881 | D:3      | Reached skill level 6 in Maces & Flails
  1898 | D:3      | Reached XP level 6. HP: 36/37 MP: 6/6
  2377 | D:3      | Noticed Sigmund
  3199 | D:3      | HP: 1/37 [ogre/+0 giant spiked club (6)]
  3287 | D:3      | Mangled by an ogre

Levels and vault maps discovered:
D:1:      dpeg_arrival_pond, layout_basic, skrybe_limestone_x
D:2:      layout_basic, chequers_arboretum, minmay_unequal
D:3:      layout_basic, minmay_statues_item, uniq_sigmund
D:4:      layout_basic, first_ration

Skill      XL: |  1  2  3  4  5 |
---------------+----------------+-----
Maces & Flails | 3 4 5 6 |  6.7
Fighting       | |  3.2
Armour         | |  3.2
Shields        | |  3.2

Action                   |  1- 3 |  4- 6 || total
-------------------------+-------+-------++-------
Melee: Flail             |   144 |   237 ||   381
  Use: Scroll            |       |     2 ||     2
  Eat: Chunk             |       |     6 ||     6
       Ration            |       |     1 ||     1
Armor: Scale mail        |    86 |   169 ||   255
Dodge: Dodged            |    57 |    97 ||   154
Block: Shield            |    79 |   161 ||   240

Table legend:
 A = Non-vault XP
 B = Vault XP
 C = Vault XP percentage of total XP
 D = Non-vault monster count
 E = Vault monster count
 F = Vault count percentage of total count
                 A         B        C        D         E       F
            +---------+---------+-------+---------+---------+-------
      Total |     469 |       3 |   0.6 |      85 |       3 |   3.4
            +---------+---------+-------+---------+---------+-------
        D:1 |      46 |       0 |   0.0 |      27 |       0 |   0.0
        D:2 |     229 |       3 |   1.3 |      38 |       3 |   7.3
        D:3 |      84 |       0 |   0.0 |      17 |       0 |   0.0
        D:4 |     110 |       0 |   0.0 |       3 |       0 |   0.0
            +---------+---------+-------+---------+---------+-------
